 Dungeon Crawl Stone Soup version 0.30-a0-779-g7971cf19c3 (webtiles) character file.

Game seed: 1242848211224378384

944 Goldberg the Chopper (level 7, -1/61 HPs)
             Began as a Minotaur Fighter on Feb 17, 2023.
             Was an Initiate of Ru.
             Killed from afar by an orc wizard (10 damage)
             ... with a puff of flame
             ... on level 5 of the Dungeon.
             The game lasted 00:08:19 (3361 turns).

Goldberg the Chopper (Minotaur Fighter)             Turns: 3361, Time: 00:08:19

Health: -1/61      AC:  8    Str: 23    XL:     7   Next: 88%
Magic:  6/6        EV: 10    Int:  5    God:    Ru [......]
Gold:   203        SH:  4    Dex:  9    Spells: 6/6 levels left

rFire   . . .      SeeInvis .    a - +0 war axe
rCold   . . .      Faith    .    c - +0 buckler
rNeg    . . .      Spirit   .    b - +1 scale mail
rPois   .          Reflect  .    (helmet restricted)
rElec   .          Harm     .    (no cloak)
rCorr   .          Rampage  .    (no gloves)
Will    .....                    (no boots) Stlth
                                 (no amulet)
HPRegen 0.30/turn                (no ring)
MPRegen 0.10/turn                (no ring)

@: mighty
A: horns 2, retaliatory headbutt
a: Renounce Religion, Sacrifice Words, Sacrifice Resistance, Sacrifice Artifice,
Reject Sacrifices


You were on level 5 of the Dungeon.
You worshipped Ru.
Ru was noncommittal.
You visited 2 branches of the dungeon, and saw 6 of its levels.

You collected 221 gold pieces.
You spent 18 gold pieces at shops.

Inventory:

Hand Weapons
 a - a +0 war axe (weapon)
Armour
 b - a +1 scale mail (worn)
 c - a +0 buckler (worn)
Wands
 n - a wand of flame (25)
Scrolls
 f - 3 scrolls of teleportation {unknown}
 h - 2 scrolls of noise
 l - a scroll of vulnerability {unknown}
 m - a scroll of immolation {unknown}
 o - 3 scrolls of identify {unknown}
Potions
 d - 2 potions of might
 e - a potion of degeneration {unknown}
 g - a potion of flight
 i - a potion of berserk rage {unknown}
 j - a potion of ambrosia {unknown}


   Skills:
 + Level 5.0 Fighting
 + Level 7.2 Axes
 + Level 6.6 Armour
 + Level 2.6 Dodging
 + Level 0.2 Stealth
 + Level 5.3 Shields


You had 6 spell levels left.
You didn't know any spells.
Your spell library contained the following spells:

 Spells                   Type           Power      Damage    Failure   Level
 Portal Projectile        Hex/Tloc       0%         N/A       99%         3
 Summon Guardian Golem    Hex/Summ       0%         N/A       99%         3
 Tukima's Dance           Hex            0%         N/A       99%         3
 Blade Hands              Tmut           0%         N/A       100%        5
 Yara's Violent Unravell  Hex/Tmut       0%         3d3       100%        5
 Enfeeble                 Hex            0%         N/A       100%        7
 Orb of Destruction       Conj           0%         9d5       100%        7
 Spellforged Servitor     Conj/Summ      0%         N/A       100%        7


Dungeon Overview and Level Annotations

Branches:
Dungeon (5/15)             Temple (1/1) D:4

Altars:
Ashenzari
Cheibriados
Dithmenos
Elyvilon
Fedhas
Hepliaklqana
Kikubaaqudgha
Makhleb
Nemelex Xobeh
Ru
Trog
Uskayaw
Wu Jian
Yredelemnul
Zin
The Shining One

Shops:
D:2 *   D:3 [


Innate Abilities, Weirdness & Mutations

You have a pair of horns on your head.
You reflexively headbutt those who attack you in melee.


Message History

Pikel burns you.
You hit Pikel but do no damage.
Pikel is moderately wounded.
You slash the lemure!
You kill the lemure!
That felt strangely unrewarding.
You closely miss the lemure.
The orc wizard mumbles some strange words.
The orc wizard flickers and vanishes!
Deactivating autopickup; reactivate with Ctrl-A.
Pikel barely misses you.
You closely miss Pikel. Your headbutt misses Pikel.
Pikel is moderately wounded.
You hit the lemure. Pikel hits you but does no damage.
The lemure hits you but does no damage.
You completely miss Pikel. You headbutt Pikel!!
Pikel is almost dead.
You barely miss the lemure. You barely miss the orc.
The orc hits you but does no damage.
Pikel hits you with a +0 whip of flaming!
Pikel burns you.
* * * LOW HITPOINT WARNING * * *
The lemure hits you.
* * * LOW HITPOINT WARNING * * *
You slash Pikel!
You kill Pikel!
You closely miss the lemure. You closely miss the orc.
With Pikel's spell broken, his former minions thank you for their freedom.
The lemure departs this earthly plane. x2; The orc hits you but does no damage. x2
Something hits you but does no damage.
Your Fighting skill increases to level 5!
Your Axes skill increases to level 7!
Your Armour skill increases to level 6!
Your Dodging skill increases to level 2!
You have reached level 7!
You closely miss the orc. You headbutt the orc!
You kill the orc!
You miss something.
You hear some strange, mumbled words.
A puff of flame appears from out of thin air!
The puff of flame hits you!
You die...

.......# ........
## .......# #.#
......####..##
.....#...).##
#...#.#.....
##<........).
#§@..<.......
......){###..#####
.......§. .##
.......... ..
.............#
............##
.............
..............


There were no monsters in sight!

Vanquished Creatures
  Pikel (D:5)
  A sky beast (D:4)
  2 lemures (D:5)
  3 scorpions (D:4)
  An orc priest (D:3)
  An orc wizard (D:3)
  8 adders
  4 worms
  A dart slug (D:1)
  8 orcs
  9 endoplasms
  5 giant cockroaches
  6 goblins
  8 hobgoblins
  3 jackals (D:1)
  7 quokkas
  5 ball pythons
  11 bats
  9 kobolds
  3 rats
96 creatures vanquished.

Notes
Turn   | Place    | Note
-------+----------+-------------------------------------------
     0 | D:1      | Goldberg the Minotaur Fighter began the quest for the Orb.
     0 | D:1      | Reached XP level 1. HP: 19/19 MP: 0/0
    62 | D:1      | Reached XP level 2. HP: 24/27 MP: 1/1
   242 | D:1      | Reached skill level 3 in Axes
   393 | D:1      | Reached XP level 3. HP: 33/33 MP: 2/2
  1053 | D:2      | Found Wokuel's Assorted Antiques.
  1065 | D:2      | Bought a scroll labelled MAEBLAO GOEHUDGH for 18 gold
                  | pieces
  1221 | D:2      | Reached XP level 4. HP: 28/40 MP: 3/3
  1539 | D:3      | Reached skill level 4 in Axes
  1754 | D:3      | Found Pism's Antique Armour Boutique.
  1849 | D:3      | Found a sacrificial altar of Ru.
  1853 | D:3      | Reached XP level 5. HP: 44/46 MP: 4/4
  1865 | D:3      | Became a worshipper of Ru the Awakened
  2296 | D:4      | Found a staircase to the Ecumenical Temple.
  2308 | Temple   | Entered the Ecumenical Temple
  2465 | D:4      | Reached skill level 5 in Armour
  2567 | D:4      | Noticed a sky beast
  2586 | D:4      | Killed a sky beast
  2587 | D:4      | Reached skill level 5 in Axes
  2587 | D:4      | Reached skill level 1 in Dodging
  2587 | D:4      | Reached XP level 6. HP: 37/53 MP: 5/5
  3053 | D:4      | Reached skill level 6 in Axes
  3053 | D:4      | Reached skill level 5 in Shields
  3342 | D:5      | Entered Level 5 of the Dungeon
  3344 | D:5      | Noticed Pikel
  3360 | D:5      | Killed Pikel
  3361 | D:5      | Reached skill level 5 in Fighting
  3361 | D:5      | Reached skill level 7 in Axes
  3361 | D:5      | Reached XP level 7. HP: 9/61 MP: 6/6
  3361 | D:5      | Killed from afar by an orc wizard

Illustrated notes

Levels and vault maps discovered:
D:1:      amcnicky_arrival_single_pillar, layout_loops_ring
D:2:      layout_basic, serial_shops, nicolae_square_shop, skrybe_limestone_x,
          hex_tiny, grunt_decor_fettered, minmay_distorted
D:3:      layout_loops_ring, nicolae_ru_great_annihilating_truth, serial_shops,
          shop
D:4:      layout_cave_pods, minmay_temple_entry_large_hall
D:5:      layout_cave_pools, kennysheep_crisscross, uniq_edmund, uniq_pikel
Temple:   minmay_freezing_vapour_temple

Skill      XL: |  1  2  3  4  5  6 |
---------------+-------------------+-----
Shields        | 4 5 |  5.3
Axes           | 3 4 5 7 |  7.2
Armour         | 4 5 6 |  6.6
Fighting       | 4 5 |  5.0
Dodging        | 1 2 |  2.6
Stealth        | |  0.2

Action                     |  1- 3 |  4- 6 |  7- 9 || total
---------------------------+-------+-------+-------++-------
  Melee: War axe           |    77 |   121 |     1 ||   199
         Headbutt          |     9 |    14 |     1 ||    24
    Use: Potion            |     5 |     3 |       ||     8
         Scroll            |     3 |       |       ||     3
   Stab: Paralysed         |       |     1 |       ||     1
 Armour: Scale mail        |    44 |    53 |       ||    97
  Dodge: Dodged            |    46 |    64 |       ||   110
  Block: Buckler           |    21 |    28 |       ||    49

Table legend: (Time is in decaauts)
 A = Elapsed time spent in this place.
 B = Non-inter-level travel time spent in this place.
 C = Inter-level travel time spent in this place.
 D = Time resting spent in this place.
 E = Time spent auto-exploring this place.
 F = Levels seen in this place.
 G = Mean time per level.
                   A        B        C        D        E       F      G
               +--------+--------+--------+--------+--------+-----+--------+
         Total |   3427 |   3380 |     47 |    288 |   2353 |   6 |  571.2 |
       Dungeon |   3426 |   3379 |     47 |    288 |   2353 |   5 |  685.2 |
        Temple |      1 |      1 |      0 |      0 |      0 |   1 |    1.0 |
               +--------+--------+--------+--------+--------+-----+--------+

Top non-repeatable levels by time:
     D:4: 1077 daAuts
     D:2: 842 daAuts
     D:3: 767 daAuts
     D:1: 716 daAuts
     D:5: 21 daAuts
  Temple: 1 daAuts
